Map: Dash and Terminal LE (Void)

Players

Javert

  • Race: Zerg Zerg
  • League: Silver

Dantes - Winner!

  • Race: Terran Terran
  • League: Grandmaster

VOD

Have the link to the VOD?

Description

Time

  • Played on: July 15, 2015, 10:09 p.m.
  • Length: 11:29
Show
View Real Time Build Order
Export as new Build Order

Javert Zerg 

Build Orders: Pool First 

Get SALT Encoding   

  12  0:01  Drone  
  13  0:13  Overlord  
  13  0:20  Drone  
  14  0:28  Extractor  
  13  0:37  Spawning Pool  
  13  0:42  Drone  
  13  0:46  Drone  
  14  0:53  Drone  
  14  0:54  Drone  
  16  1:04  Drone  
  17  1:15  Drone  
  18  1:26  Overlord  
  18  1:28  Queen  
  20  1:33  Metabolic Boost  
  20  1:38  Zergling x2  
  21  1:48  Zergling x2  
  22  2:01  Zergling x2  
  23  2:10  Queen  
  25  2:19  Zergling x4  
  27  2:39  Zergling x2  
  27  2:57  Zergling x4  
  27  2:58  Zergling x2  
  30  3:19  Zergling x2  
  25  3:41  Zergling x10  
  27  3:43  Hatchery  
  28  3:59  Overlord x2  
  27  4:28  Drone  
  27  4:29  Drone x3  
  29  4:35  Overlord  
  29  4:46  Drone x4  
  29  4:51  Extractor  
  32  4:58  Drone x2  
  34  5:14  Hatchery  
  33  5:29  Drone x11  
  33  5:30  Lair  
  44  5:39  Burrow  
  39  5:45  Spine Crawler  
  39  5:47  Zergling x8  
  41  5:57  Spine Crawler  
  29  6:18  Drone x10  
  34  6:27  Drone x3  
  37  6:35  Spire  
  37  6:39  Drone  
  37  6:43  Zergling x4  
  39  6:51  Overseer  
  39  6:54  Zergling x4  
  39  6:55  Zergling x2  
  39  6:57  Extractor  
  41  7:08  Zergling x2  
  41  7:09  Zergling x8  
  46  7:20  Drone x2, Baneling Nest, Extractor  
  46  7:21  Drone x4  
  48  7:33  Zergling x10  
  51  7:47  Drone x5  
  56  7:57  Drone x7  
  63  8:09  Centrifical Hooks, Queen  
  63  8:12  Zergling x2  
  63  8:13  Zergling x2  
  63  8:18  Spine Crawler  
  63  8:23  Baneling x9  
  63  8:36  Overlord x2  
  59  8:52  Overlord x3  
  59  8:53  Overlord  
  55  9:12  Zergling x2  
  55  9:13  Zergling x28  
  67  9:20  Spine Crawler  
  67  9:24  Drone x2  
  64  9:27  Zergling x12  
  70  9:33  Drone x2  
  71  9:45  Drone x7  
  77  9:55  Baneling x7  
  77  9:56  Baneling x4  
  76  10:02  Zergling x8  
  76  10:03  Zergling x8  
  84  10:09  Evolution Chamber  
  73  10:31  Zergling x14  
  73  10:34  Baneling x13  
  73  10:35  Baneling  
  72  10:41  Evolution Chamber  
  70  10:50  Extractor  
  70  10:52  Zergling x10  
  70  10:55  Extractor  
  72  11:02  Zergling x6  
  75  11:06  Overlord x2  
Show
View Real Time Build Order
Export as new Build Order

Dantes Terran - Winner!

Build Orders: MMM Bio 

Get SALT Encoding   

  12  0:01  SCV  
  13  0:14  SCV  
  14  0:21  Supply Depot  
  14  0:26  SCV  
  15  0:43  SCV  
  15  0:49  Barracks  
  16  0:50  Refinery  
  16  0:55  SCV  
  17  1:07  SCV  
  18  1:19  SCV  
  19  1:31  SCV  
  20  1:38  Reaper  
  21  1:40  Supply Depot  
  21  1:43  SCV  
  22  1:55  SCV  
  24  2:11  Factory  
  24  2:16  Orbital Command  
  24  2:20  Refinery  
  24  2:22  Command Center  
  23  2:23  Barracks Tech Lab  
  23  2:31  Barracks Reactor  
  23  2:52  SCV  
  23  2:57  Hellion  
  26  3:01  Supply Depot  
  26  3:07  Marine  
  25  3:35  Supply Depot  
  22  3:50  Hellion, Marine  
  25  3:59  Orbital Command  
  25  4:03  SCV  
  26  4:20  Hellion x2  
  29  4:25  Barracks Tech Lab  
  28  4:33  SCV  
  29  4:40  SCV  
  29  4:43  Hellion  
  32  4:45  SCV  
  32  4:49  Stimpack  
  33  4:53  SCV, Supply Depot  
  33  4:55  Hellion  
  33  4:57  SCV  
  37  5:05  SCV, Hellion  
  40  5:10  SCV  
  41  5:15  Barracks  
  41  5:16  Hellion  
  41  5:17  SCV  
  44  5:29  SCV, Orbital Command  
  44  5:38  Supply Depot  
  44  5:40  Supply Depot  
  44  5:41  SCV  
  45  5:48  Supply Depot  
  45  5:53  SCV  
  36  6:25  Hellion x2  
  36  6:30  SCV  
  36  6:31  SCV  
  36  6:32  Barracks Reactor  
  36  6:35  Barracks  
  36  6:38  Barracks x2  
  36  6:43  SCV x2  
  36  6:45  Engineering Bay x2  
  36  6:46  Hellion  
  36  6:47  Hellion  
  42  6:49  Refinery  
  42  6:55  SCV  
  42  6:56  SCV  
  42  6:57  Supply Depot  
  42  6:59  Supply Depot  
  42  7:00  Marine  
  45  7:07  SCV  
  45  7:08  Hellion x2  
  50  7:09  Marine x2  
  50  7:11  SCV  
  53  7:18  Marine  
  53  7:19  SCV  
  53  7:21  Terran Infantry Weapons Level 1  
  53  7:22  Terran Infantry Armor Level 1  
  55  7:23  SCV, Barracks Reactor  
  55  7:25  Barracks Reactor x2  
  55  7:27  Marine  
  57  7:31  SCV  
  58  7:38  Marine x2  
  58  7:42  SCV  
  61  7:47  Starport, Marine  
  61  7:48  Refinery  
  62  7:51  SCV  
  62  7:53  Hellion x2  
  62  7:55  Marine x2  
  69  7:59  Combat Shields  
  69  8:00  Marine x3  
  69  8:01  Marine x3  
  69  8:05  Marine  
  76  8:13  Marine x2  
  76  8:14  SCV, Hellion  
  76  8:17  SCV  
  76  8:18  Marine x2  
  76  8:19  Supply Depot  
  84  8:21  Supply Depot  
  84  8:24  Supply Depot  
  84  8:32  Marauder  
  69  8:50  Marine x2  
  55  9:22  Marine  
  55  9:23  Marine x8  
  64  9:31  Armory, Medivac x2  
  65  9:40  Marine  
  65  9:41  Marine x8  
  72  9:48  Command Center  
  68  9:58  Marine  
  68  9:59  Marine x3  
  70  10:01  Medivac x2  
  74  10:07  Marine x3  
  74  10:08  Marine  
  74  10:09  Marine  
  79  10:16  Marine x2  
  79  10:17  Marine x2  
  68  10:31  Medivac x2  
  68  10:32  Marine x2  
  68  10:33  Marine  
  72  10:37  Widow Mine, Marine x3  
  77  10:45  Marine x3  
  77  10:46  SCV  
  81  10:56  Marine x3  
  81  10:57  Marine  
  84  11:04  Marauder  
  87  11:05  Marine x3  
  87  11:07  Refinery  
Tags
 
Add a new tag
Caveats
  • Supply blocks, unpowered buildings, or Contaminate may cause inaccurate times.
  • Supply counts are checked every 10 seconds.